 Dungeon Sprint DCSS version 0.30.0-19-g36f170ea60 (webtiles) character file.

Game seed: 15588273009023093792

900000 Groucho the Eclecticist (level 13, -24/100 HPs)
             Began as a Djinni Warper on May 30, 2023.
             Was a Follower of Makhleb.
             Annihilated by a bag of meat
             ... wielding a +9 war axe
              (25 damage)
             ... in the Dungeon (Sprint VIII: "Arena of Blood").
             The game lasted 00:00:50 (9 turns).

Groucho the Eclecticist (Djinni Warper)                Turns: 9, Time: 00:00:50

Health: -24/100    AC:  3    Str: 10    XL:     13   Next: 64%
Gold:   0          EV: 19    Int: 17    God:    Makhleb [*.....] SH:  0 Dex: 16

rFire   + + .        i - +∞ Axe of Woe
rCold   x . .        (shield currently unavailable)
rNeg    . . .        b - +0 leather armour
rPois   ∞            (no helmet)
rElec   .            (no cloak)
rCorr   .            (no gloves)
SInv    .            (boots unavailable)
Will    +....        (no amulet)
Stlth   +            (no ring)
HPRegen 0.36/turn    (no ring)
MPRegen 0.00/turn

%: no teleportation, infuse magic (-25 HP)
@: flying
A: sickness immunity, fire resistance 2, cold vulnerability 1, float, innate
caster, HP casting, extra vitality 1
a: Renounce Religion


You were in the Dungeon.
You worshipped Makhleb.
Makhleb was aware of your devotion.
You visited 1 branch

Inventory:

Hand Weapons
 a - a +0 hand axe
 i - the +∞ Axe of Woe (weapon)
   (You found it in the Dungeon)
Missiles
 d - 7 boomerangs of dispersal (quivered)
Armour
 b - a +0 leather armour (worn)
Scrolls
 c - 2 scrolls of blinking
Potions
 e - a potion of curing
 f - a potion of heal wounds
 g - a potion of haste
 h - a potion of berserk rage


   Skills:
 + Level 11.9 Fighting
 + Level 12.2 Axes
 + Level 3.6 Throwing
 + Level 4.3 Armour
 + Level 13.4 Dodging
 + Level 20.6 Spellcasting


You knew the following spells:

 Your Spells              Type           Power      Damage    Failure   Level
a - Blink                 Tloc           100%       N/A       0%          2
b - Lesser Beckoning      Tloc           100%       N/A       0%          2
c - Vhi's Electric Charg  Tloc/Air       100%       N/A       0%          3
d - Teleport Other        Tloc           73%        N/A       0%          3
e - Manifold Assault      Tloc           73%        N/A       0%          4
f - Apportation           Tloc           100%       N/A       0%          1
g - Searing Ray           Conj           100%       2d8       0%          2
h - Mephitic Cloud        Conj/Pois/Air  73%        N/A       0%          3
i - Call Canine Familiar  Summ           73%        N/A       0%          3
j - Summon Mana Viper     Hex/Summ       73%        N/A       1%          5
k - Fireball              Conj/Fire      36%        3d15      1%          5
Your spell library was empty.

Dungeon Overview and Level Annotations

Branches:
Dungeon (1/1)

Altars:
Makhleb


Innate Abilities, Weirdness & Mutations

You are immune to sickness and miasma.
You are immune to poison.
Your flesh is very heat resistant. (rF++)
You are vulnerable to cold. (rC-)
You float through the air rather than walking.
You learn spells naturally, not from books.
Your magical power is your life essence.
You have superior vitality. (+4 MHP)


Message History

Unknown command.
Unknown command.
You slice the bag of meat!! You chop the bag of meat into pieces.
You kill the bag of meat!
Makhleb accepts your kill.
You slash the meat berserker!
You butcher the meat berserker messily.
You kill the meat berserker!
Makhleb accepts your kill.
You can now gain health from killing.
You hear a shout! x4
A meat berserker comes into view. It is wielding a +9 battleaxe.
You hear a shout!
A meat berserker comes into view. It is wielding a +9 battleaxe.
You hear a shout!
The meat berserker rages.
You hear a shout! x2
The meat berserker rages.
You hear a shout! x3
Your Fighting skill gained 2 levels and is now at level 11!
Your Axes skill gained 4 levels and is now at level 12!
Your Armour skill gained 2 levels and is now at level 4!
Your Dodging skill gained 3 levels and is now at level 13!
Your Spellcasting skill gained 5 levels and is now at level 20!
You have reached level 12!
You feel clever.
You have reached level 13!
The power to cast Fireball wells up from within.
Spell assigned to 'k'.
Unknown command.
Unknown command.
You slash the bag of meat!
You fatally mangle the bag of meat.
You kill the bag of meat!
Makhleb accepts your kill.
You hear a shout! x6
A bag of meat comes into view. It is wielding a +9 war axe.
You hear a shout!
The bag of meat hits you with a +9 war axe!
* * * LOW HITPOINT WARNING * * *
A bag of meat comes into view. It is wielding a +9 war axe.
The bag of meat hits you with a +9 war axe!!
You die...

...... .. .....
#. ....# #.. ...#
.. .###..
...###...
......###........
......_.oo..Oo..
#....@# #_.<)o#
#....o#
......_.....
......###......
.###.. ...###..
#.. ...# . #.
o..# .. .....


You could see a meat berserker (berserk) and 6 bags of meat.

Vanquished Creatures
  An ogre (D)
  3 orcs (D)
4 creatures vanquished.

Notes
Turn   | Place    | Note
-------+----------+-------------------------------------------
     0 | D        | Found the +∞ Axe of Woe
     0 | D        | Groucho the Djinni Warper began the quest for the Orb.
     0 | D        | Groucho set off with the following spells memorised: Blink,
                  | Lesser Beckoning, Vhi's Electric Charge, Teleport Other,
                  | Manifold Assault.
     0 | D        | Reached XP level 1. HP: 18/18 MP: 0/0
     2 | D        | Noticed a bag of meat
     2 | D        | Noticed a bag of meat
     3 | D        | Noticed a bag of meat
     3 | D        | Noticed a bag of meat
     4 | D        | Killed a bag of meat
     4 | D        | Noticed a bag of meat
     4 | D        | Noticed a meat berserker
     4 | D        | Noticed a bag of meat
     4 | D        | Noticed a bag of meat
     5 | D        | Reached skill level 10 in Dodging
     5 | D        | Reached skill level 15 in Spellcasting
     5 | D        | Reached XP level 2. HP: 34/34 MP: 0/0
     5 | D        | Reached XP level 3. HP: 39/39 MP: 0/0
     5 | D        | Learned a level 1 spell: Apportation
     5 | D        | Reached XP level 4. HP: 45/45 MP: 0/0
     5 | D        | Reached XP level 5. HP: 50/50 MP: 0/0
     5 | D        | Learned a level 2 spell: Searing Ray
     5 | D        | Reached XP level 6. HP: 56/56 MP: 0/0
     5 | D        | Reached XP level 7. HP: 61/61 MP: 0/0
     5 | D        | Learned a level 3 spell: Mephitic Cloud
     5 | D        | Reached XP level 8. HP: 67/67 MP: 0/0
     5 | D        | Reached XP level 9. HP: 72/72 MP: 0/0
     5 | D        | Learned a level 3 spell: Call Canine Familiar
     5 | D        | Reached XP level 10. HP: 78/78 MP: 0/0
     5 | D        | Reached XP level 11. HP: 84/84 MP: 0/0
     5 | D        | Learned a level 5 spell: Summon Mana Viper
     5 | D        | Became a worshipper of Makhleb the Destroyer
     8 | D        | Killed a bag of meat
     8 | D        | Killed a meat berserker
     8 | D        | Reached * piety under Makhleb
     8 | D        | Noticed a meat berserker
     8 | D        | Noticed a meat berserker
     9 | D        | Reached skill level 20 in Spellcasting
     9 | D        | Reached XP level 12. HP: 8/95 MP: 0/0
     9 | D        | Reached XP level 13. HP: 8/100 MP: 0/0
     9 | D        | Learned a level 5 spell: Fireball
     9 | D        | Killed a bag of meat
     9 | D        | Noticed a bag of meat
     9 | D        | HP: 1/100 [bag of meat/+9 war axe (8)]
     9 | D        | Noticed a bag of meat
     9 | D        | Annihilated by a bag of meat

Illustrated notes

Levels and vault maps discovered:
D:        meatsprint

Skill      XL: |  1  2  3  4  5  6  7  8  9 10 11 |
---------------+----------------------------------+-----
Fighting       | 9 11 | 11.9
Axes           | 8 12 | 12.2
Throwing       | 3 |  3.6
Armour         | 2 4 |  4.3
Dodging        | 10 13 | 13.4
Spellcasting   | 15 20 | 20.6

Action                     |  1- 3 |  4- 6 |  7- 9 | 10-12 | 13-15 || total
---------------------------+-------+-------+-------+-------+-------++-------
  Melee: Executioner's axe |     1 |       |       |     1 |     1 ||     3
